PIO (24 & UNDER)
EAU CLAIRE ESQUIRES @ COLORADO COMMANDERS
07/31/2030
 
TOP OF THE 1ST
Eau Claire Esquires batting - Pitching for Colorado Commanders : RHP Alejandro Herrera
Pitching: RHP Alejandro Herrera
Batting: RHB Claudio Rodríguez 0-0: Foul Ball, location: 2F
0-1: Swinging Strike
0-2: Ball
1-2: Ball
2-2: Foul Ball, location: 2F
2-2: Strikes out swinging
Batting: LHB Johnny Foley 0-0: Foul Ball, location: 2F
0-1: Ball
1-1: Ball
2-1: Ball
3-1: Base on Balls
Batting: RHB River Cunningham 0-0: Ball
1-0: Swinging Strike
1-1: Foul Ball, location: 2F
1-2: Ball
2-2: Strikes out swinging
Batting: SHB Paul Davenport 0-0: Called Strike
0-1: Ball
1-1: Foul Ball, location: 2F
1-2: Strikes out swinging
Top of the 1st over - 0 runs, 0 hits, 0 errors, 1 left on base; Eau Claire 0 - Colorado 0
BOTTOM OF THE 1ST
Colorado Commanders batting - Pitching for Eau Claire Esquires : RHP Todd Bevins
Pitching: RHP Todd Bevins
Batting: LHB Abraham Horton 0-0: Called Strike
0-1: Ball
1-1: Called Strike
1-2: Ball
2-2: Fly out, F8 (Flyball, 8LD)
Batting: RHB Félix Campos 0-0: Called Strike
0-1: Ball
1-1: Ground out 1-3 (Groundball, 15S)
Batting: LHB Arthur Guzmán 0-0: SINGLE (Line Drive, 9S)
Batting: RHB Lawrence Ware 0-0: 2-RUN HOME RUN (Flyball, 78XD), Distance : 403 ft
Batting: LHB Francisco Ríos 0-0: Ball
1-0: Ball
2-0: Ball
3-0: Called Strike
3-1: Base on Balls
Batting: RHB Henry Cahill 0-0: Ball
1-0: Ball
Wild Pitch!
Francisco Ríos to second
2-0: Ball
3-0: Called Strike
3-1: DOUBLE (Line Drive, 78D)
Francisco Ríos scores
Batting: RHB Joe Roberts 0-0: Ball
1-0: Ball
2-0: Ball
3-0: Base on Balls
Batting: RHB Júlio Ramos 0-0: Called Strike
0-1: Ball
1-1: Ball
2-1: Called Strike
2-2: Fly out, F7 (Flyball, 7S)
Bottom of the 1st over - 3 runs, 3 hits, 0 errors, 2 left on base; Eau Claire 0 - Colorado 3
TOP OF THE 2ND
Eau Claire Esquires batting - Pitching for Colorado Commanders : RHP Alejandro Herrera
Batting: RHB Tom McBride 0-0: Ball
1-0: Ball
2-0: SOLO HOME RUN (Flyball, 7D), Distance : 355 ft
Batting: LHB Caleb Ruíz 0-0: Called Strike
0-1: Ball
1-1: Ball
2-1: Ground out 5-3 (Groundball, 56)
Batting: RHB Júlio Pinto 0-0: Called Strike
0-1: Swinging Strike
0-2: Strikes out swinging
Batting: RHB Tomás Rivera 0-0: Foul Ball, location: 2F
0-1: Ball
1-1: Ball
2-1: Ground out 5-3 (Groundball, 5S)
Top of the 2nd over - 1 run, 1 hit, 0 errors, 0 left on base; Eau Claire 1 - Colorado 3
BOTTOM OF THE 2ND
Colorado Commanders batting - Pitching for Eau Claire Esquires : RHP Todd Bevins
Batting: RHB Carlos Jiménez 0-0: Called Strike
0-1: Ball
1-1: Ball
2-1: Ground out 4-3 (Groundball, 34D)
Batting: LHB Abraham Horton 0-0: Swinging Strike
0-1: Ground out U3 (Groundball, 34S)
Batting: RHB Félix Campos 0-0: Ball
1-0: Swinging Strike
1-1: Ground out 4-3 (Groundball, 34)
Bottom of the 2nd over - 0 runs, 0 hits, 0 errors, 0 left on base; Eau Claire 1 - Colorado 3
TOP OF THE 3RD
Eau Claire Esquires batting - Pitching for Colorado Commanders : RHP Alejandro Herrera
Batting: RHB James Bennett 0-0: Ball
1-0: Ground out 5-3 (Groundball, 56)
Batting: RHB Claudio Rodríguez 0-0: Ball
1-0: Ball
2-0: SINGLE (Groundball, 34D)
Batting: LHB Johnny Foley 0-0: Ball
1-0: Ball
2-0: Ball
3-0: Base on Balls
Claudio Rodríguez to second
Batting: RHB River Cunningham 0-0: Called Strike
0-1: Called Strike
0-2: Ball
1-2: Ball
2-2: Foul Ball, location: 2F
2-2: Ball
3-2: Base on Balls
Claudio Rodríguez to third
Johnny Foley to second
Batting: SHB Paul Davenport 0-0: SINGLE (Flyball, 89M)
Claudio Rodríguez scores
Johnny Foley to third
River Cunningham to second
Batting: RHB Tom McBride 0-0: Called Strike
0-1: Foul Ball, location: 2F
0-2: Ball
1-2: Ball
2-2: SINGLE (Groundball, 6MD)
Johnny Foley scores
River Cunningham to third
Paul Davenport to second
Runner from 3rd tries for Home, SAFE, no throw
Batting: LHB Caleb Ruíz 0-0: Called Strike
0-1: SINGLE (Flyball, 8RS)
Paul Davenport to third
Tom McBride to second
Runner from 3rd tries for Home, SAFE, throw made home
Batting: RHB Júlio Pinto 0-0: Foul Ball, location: 2F
0-1: Ball
1-1: Ball
2-1: Swinging Strike
2-2: Foul Ball, location: 2F
2-2: Ball
3-2: Strikes out looking
Batting: RHB Tomás Rivera 0-0: Called Strike
0-1: Ball
1-1: Foul Ball, location: 2F
1-2: Ball
2-2: Strikes out looking
Top of the 3rd over - 4 runs, 4 hits, 0 errors, 2 left on base; Eau Claire 5 - Colorado 3
BOTTOM OF THE 3RD
Colorado Commanders batting - Pitching for Eau Claire Esquires : RHP Todd Bevins
Batting: LHB Arthur Guzmán 0-0: Ground out 6-3 (Groundball, 6)
Batting: RHB Lawrence Ware 0-0: Called Strike
0-1: Ball
1-1: Ball
2-1: Ball
3-1: Called Strike
3-2: DOUBLE (Line Drive, 89D)
Batting: LHB Francisco Ríos 0-0: Called Strike
0-1: Ball
1-1: Ball
2-1: Ball
3-1: Foul Ball, location: 2F
3-2: Fly out, F8 (Flyball, 8RS)
Batting: RHB Henry Cahill 0-0: Called Strike
0-1: Called Strike
0-2: Ball
1-2: Fly out, F7 (Flyball, 7S)
Bottom of the 3rd over - 0 runs, 1 hit, 0 errors, 1 left on base; Eau Claire 5 - Colorado 3
TOP OF THE 4TH
Eau Claire Esquires batting - Pitching for Colorado Commanders : RHP Alejandro Herrera
Batting: RHB James Bennett 0-0: Ground out U3 (Groundball, 3)
Batting: RHB Claudio Rodríguez 0-0: Called Strike
0-1: Ball
1-1: Ball
2-1: Foul Ball, location: 2F
2-2: Foul Ball, location: 2F
2-2: Ball
3-2: Strikes out swinging
Batting: LHB Johnny Foley 0-0: Called Strike
0-1: Foul Ball, location: 2F
0-2: Ground out 4-3 (Groundball, 4)
Top of the 4th over - 0 runs, 0 hits, 0 errors, 0 left on base; Eau Claire 5 - Colorado 3
BOTTOM OF THE 4TH
Colorado Commanders batting - Pitching for Eau Claire Esquires : RHP Todd Bevins
Batting: RHB Joe Roberts 0-0: Called Strike
0-1: Ground out 6-3 (Groundball, 6)
Batting: RHB Júlio Ramos 0-0: Ball
1-0: Foul Ball, location: 2F
1-1: Called Strike
1-2: Ball
2-2: Ball
3-2: SINGLE (Groundball, 56D)
Batting: RHB Carlos Jiménez 0-0: Called Strike
Júlio Ramos steals 2nd base
0-1: Ball
1-1: Ball
2-1: SINGLE (Groundball, 4D)
Júlio Ramos to third
Runner from 3rd tries for Home, throw and OUT!
Batting: LHB Abraham Horton 0-0: Ball
1-0: Called Strike
1-1: Foul Ball, location: 2F
1-2: Fly out, F5 (Line Drive, 5)
Bottom of the 4th over - 0 runs, 2 hits, 0 errors, 1 left on base; Eau Claire 5 - Colorado 3
TOP OF THE 5TH
Eau Claire Esquires batting - Pitching for Colorado Commanders : RHP Alejandro Herrera
Batting: RHB River Cunningham 0-0: Ball
1-0: Called Strike
1-1: Swinging Strike
1-2: SINGLE (Flyball, 78M) - OUT at second base trying to stretch hit.
Batting: SHB Paul Davenport 0-0: Called Strike
0-1: Ball
1-1: Ball
2-1: SINGLE (Groundball, 3D)
Batting: RHB Tom McBride 0-0: Called Strike
0-1: Foul Ball, location: 2F
0-2: Strikes out swinging
Batting: LHB Caleb Ruíz 0-0: Ball
1-0: SINGLE (Line Drive, 78S)
Paul Davenport to second
Batting: RHB Júlio Pinto 0-0: Ball
1-0: Swinging Strike
1-1: Swinging Strike
1-2: Ball
2-2: Strikes out looking
Top of the 5th over - 0 runs, 3 hits, 0 errors, 2 left on base; Eau Claire 5 - Colorado 3
BOTTOM OF THE 5TH
Colorado Commanders batting - Pitching for Eau Claire Esquires : RHP Todd Bevins
Batting: RHB Félix Campos 0-0: Called Strike
0-1: Called Strike
0-2: Ball
1-2: Ball
2-2: Strikes out looking
Batting: LHB Arthur Guzmán 0-0: Called Strike
0-1: Ball
1-1: Ball
2-1: SINGLE (Line Drive, 9LS)
Batting: RHB Lawrence Ware 0-0: Called Strike
0-1: Called Strike
0-2: Foul Ball, location: 2F
0-2: Fielders Choice at 2nd, 6-4 (Groundball, 56D)
Batting: LHB Francisco Ríos 0-0: Called Strike
0-1: SINGLE (Groundball, 34D)
Lawrence Ware to second
Runner from 2nd tries for 3rd, SAFE, no throw
Batting: RHB Henry Cahill 0-0: Ball
Balk!
Lawrence Ware scores
Francisco Ríos to second
1-0: Ball
2-0: Ball
3-0: Base on Balls
Batting: RHB Joe Roberts 0-0: Fielders Choice at 2nd, 5-4 (Groundball, 56)
Bottom of the 5th over - 1 run, 2 hits, 0 errors, 2 left on base; Eau Claire 5 - Colorado 4
TOP OF THE 6TH
Eau Claire Esquires batting - Pitching for Colorado Commanders : RHP Alejandro Herrera
Pitching: RHP Alberto García
Batting: RHB Tomás Rivera 0-0: Called Strike
0-1: Ball
1-1: Called Strike
1-2: Ball
2-2: Ball
3-2: Base on Balls
Batting: RHB James Bennett 0-0: Called Strike
0-1: Ball
1-1: Ball
2-1: Swinging Strike
2-2: Strikes out looking
Batting: RHB Claudio Rodríguez 0-0: Ball
Tomás Rivera steals 2nd base
1-0: Called Strike
1-1: Ball
2-1: Foul Ball, location: 2F
2-2: Strikes out looking
Batting: LHB Johnny Foley 0-0: Ball
1-0: Ball
2-0: Called Strike
2-1: Ball
3-1: Foul Ball, location: 2F
3-2: Strikes out swinging, 2-3 out at first.
Top of the 6th over - 0 runs, 0 hits, 0 errors, 1 left on base; Eau Claire 5 - Colorado 4
BOTTOM OF THE 6TH
Colorado Commanders batting - Pitching for Eau Claire Esquires : RHP Todd Bevins
Pitching: RHP Eugene Johnston
Batting: RHB Júlio Ramos 0-0: Ball
1-0: Ball
2-0: Foul Ball, location: 2F
2-1: Ball
3-1: Base on Balls
Batting: RHB Carlos Jiménez 0-0: Ball
1-0: Swinging Strike
1-1: Ground out 3-1 (Groundball, 34)
Júlio Ramos to second
Batting: LHB Abraham Horton 0-0: Foul Ball, location: 2F
0-1: Swinging Strike
0-2: Ball
1-2: Ball
2-2: Strikes out swinging
Batting: RHB Félix Campos 0-0: Called Strike
0-1: Foul Ball, location: 2F
0-2: Strikes out looking
Bottom of the 6th over - 0 runs, 0 hits, 0 errors, 1 left on base; Eau Claire 5 - Colorado 4
TOP OF THE 7TH
Eau Claire Esquires batting - Pitching for Colorado Commanders : RHP Alberto García
Batting: RHB River Cunningham 0-0: Called Strike
0-1: Ball
1-1: Called Strike
1-2: Ball
2-2: Foul Ball, location: 2F
2-2: Strikes out swinging
Batting: SHB Paul Davenport 0-0: DOUBLE (Groundball, 3L)
Batting: RHB Tom McBride 0-0: Ball
1-0: Ball
2-0: Ball
3-0: Base on Balls
Batting: LHB Caleb Ruíz 0-0: Called Strike
0-1: Called Strike
0-2: Strikes out swinging
Pinch Hitting: LHB Steve Arnold 0-0: Ball
1-0: Ball
2-0: Called Strike
2-1: Fly out, F7 (Line Drive, 78S)
Top of the 7th over - 0 runs, 1 hit, 0 errors, 2 left on base; Eau Claire 5 - Colorado 4
BOTTOM OF THE 7TH
Colorado Commanders batting - Pitching for Eau Claire Esquires : RHP Eugene Johnston
Now at SS: Cipriano Salas
Batting: LHB Arthur Guzmán 0-0: Called Strike
0-1: Foul Ball, location: 2F
0-2: Ball
1-2: Ball
2-2: SOLO HOME RUN (Flyball, 7LD), Distance : 351 ft
Batting: RHB Lawrence Ware 0-0: Ball
1-0: Ball
2-0: Called Strike
2-1: Ball
3-1: Called Strike
3-2: Fly out, F5 (Popup, 15)
Batting: LHB Francisco Ríos 0-0: Fly out, F4 (Line Drive, 4)
Batting: RHB Henry Cahill 0-0: Swinging Strike
0-1: Ball
1-1: Foul Ball, location: 2F
1-2: Ground out U3 (Groundball, 34S)
Bottom of the 7th over - 1 run, 1 hit, 0 errors, 0 left on base; Eau Claire 5 - Colorado 5
TOP OF THE 8TH
Eau Claire Esquires batting - Pitching for Colorado Commanders : RHP Alberto García
Pinch Hitting: LHB Matt Taylor 0-0: Ball
1-0: Foul Ball, location: 2F
1-1: Ball
2-1: Ground out 4-3 (Groundball, 4)
Batting: RHB James Bennett 0-0: Called Strike
0-1: Swinging Strike
0-2: Ball
1-2: Ball
2-2: Strikes out looking
Batting: RHB Claudio Rodríguez 0-0: Swinging Strike
0-1: Foul Ball, location: 2F
0-2: Ball
1-2: Foul Ball, location: 2F
1-2: Strikes out looking
Top of the 8th over - 0 runs, 0 hits, 0 errors, 0 left on base; Eau Claire 5 - Colorado 5
BOTTOM OF THE 8TH
Colorado Commanders batting - Pitching for Eau Claire Esquires : RHP Eugene Johnston
Now in RF: Silas Small
Batting: RHB Joe Roberts 0-0: Ball
1-0: Fly out, F8 (Flyball, 8RM)
Pinch Hitting: SHB Miguel Price 0-0: Called Strike
0-1: Swinging Strike
0-2: Fly out, F6 (Line Drive, 6)
Pinch Hitting: LHB Roberto Herrera 0-0: Ball
1-0: SINGLE (Line Drive, 78M)
Pitching: RHP Elias Bednell
Pinch Runner at 1st Francisco Madrigal:
Batting: LHB Abraham Horton 0-0: Ball
Francisco Madrigal is caught stealing 2nd base
Bottom of the 8th over - 0 runs, 1 hit, 0 errors, 0 left on base; Eau Claire 5 - Colorado 5
TOP OF THE 9TH
Eau Claire Esquires batting - Pitching for Colorado Commanders : RHP Alberto García
Pitching: RHP Jimmy MacAulay
Now at 2B: Alfonso Flores
Now at 3B: Bill Peterson
Batting: LHB Johnny Foley 0-0: Ball
1-0: Ball
2-0: Fly out, F9 (Flyball, 9LM)
Batting: RHB River Cunningham 0-0: Called Strike
0-1: Ground out 5-3 (Groundball, 56)
Batting: SHB Paul Davenport 0-0: Called Strike
0-1: Foul Ball, location: 2F
0-2: Hit by Pitch
Pinch Runner at 1st Glen French:
Batting: RHB Tom McBride 0-0: Ground out 4-3 (Groundball, 4M)
Top of the 9th over - 0 runs, 0 hits, 0 errors, 1 left on base; Eau Claire 5 - Colorado 5
BOTTOM OF THE 9TH
Colorado Commanders batting - Pitching for Eau Claire Esquires : RHP Elias Bednell
Now at C: Cisco Guerra
Batting: LHB Abraham Horton 0-0: Foul Ball, location: 2F
0-1: Ground out U3 (Groundball, 3)
Batting: RHB Félix Campos 0-0: Ball
1-0: SINGLE (Groundball, 25) (infield hit)
Batting: LHB Arthur Guzmán 0-0: Called Strike
0-1: Ball
1-1: Foul Ball, location: 2F
1-2: Reached on error, E5 (Groundball, 5)
Félix Campos to second
Batting: RHB Lawrence Ware 0-0: Called Strike
0-1: Ball
1-1: Called Strike
1-2: Ball
2-2: 3-RUN HOME RUN (Flyball, 78XD), Distance : 402 ft
Saturday, April 7th, 2018 - OOTP Baseball 18.8 Build 76